Map: Orbital Shipyard

Players

Fullmetal - Winner!

  • Race: Terran Terran
  • League: Master

Justin

  • Race: Zerg Zerg
  • League: Diamond

VOD

Have the link to the VOD?

Description

Time

  • Played on: Nov. 16, 2015, 11:11 p.m.
  • Length: 8:44
Show
View Real Time Build Order
Export as new Build Order

Fullmetal Terran - Winner!

Build Orders: Liberator Opening, Reaper Expand 

Get SALT Encoding   

  12  0:01  SCV  
  13  0:13  SCV  
  14  0:18  Supply Depot  
  14  0:25  SCV  
  15  0:39  SCV  
  15  0:41  Barracks  
  16  0:46  Refinery  
  16  0:52  SCV  
  17  1:04  SCV  
  18  1:16  SCV  
  19  1:28  Orbital Command  
  19  1:30  Reaper  
  20  1:39  Command Center  
  20  1:51  Supply Depot  
  20  1:54  SCV  
  21  1:57  Refinery  
  21  2:06  SCV  
  22  2:08  Barracks Reactor  
  22  2:18  SCV  
  23  2:27  Factory  
  23  2:31  SCV  
  24  2:44  Marine  
  24  2:45  Marine  
  24  2:46  SCV  
  27  2:53  Orbital Command  
  27  3:01  SCV  
  28  3:14  SCV, Starport  
  28  3:19  Barracks Reactor, Hellion x2  
  33  3:21  SCV  
  33  3:24  Refinery  
  34  3:32  SCV  
  34  3:33  SCV  
  36  3:41  Hellion x2  
  40  3:44  SCV  
  40  3:45  SCV  
  40  3:47  Supply Depot  
  42  3:51  Liberator x2  
  42  3:56  SCV  
  42  3:57  SCV  
  44  4:04  Hellion  
  44  4:09  Supply Depot, Hellion  
  54  4:16  Supply Depot  
  54  4:18  SCV x2  
  48  4:33  Hellion x2  
  48  4:35  SCV x2  
  49  4:45  Command Center  
  49  4:47  SCV  
  49  4:51  Barracks Tech Lab  
  50  4:55  Hellion  
  50  4:56  Liberator x2  
  54  5:03  SCV  
  54  5:06  SCV  
  52  5:09  Marine  
  52  5:11  Hellion  
  57  5:19  SCV  
  53  5:26  Barracks  
  53  5:35  Hellion  
  50  5:36  SCV x2  
  35  5:50  SCV x2  
  35  5:52  Supply Depot  
  34  5:59  Factory Reactor  
  32  6:04  SCV  
  32  6:05  SCV  
  32  6:08  SCV  
  31  6:20  SCV  
  31  6:24  SCV  
  33  6:26  Marine  
  33  6:27  Orbital Command  
  33  6:31  Liberator  
  33  6:32  SCV  
  35  6:36  SCV  
  35  6:39  Liberator  
  36  6:40  Marine  
  36  6:41  Hellion  
  36  6:43  Hellion  
  36  6:44  SCV  
  42  6:48  SCV  
  47  6:54  SCV  
  47  6:59  SCV  
  47  7:01  SCV  
  52  7:02  Marine x2  
  54  7:13  SCV  
  53  7:17  SCV  
  53  7:19  SCV  
  53  7:23  Factory Reactor  
  53  7:25  SCV  
  53  7:28  Supply Depot  
  53  7:29  SCV, Marine  
  57  7:31  SCV  
  57  7:37  Barracks Reactor, SCV  
  57  7:41  SCV  
  57  7:43  SCV  
  60  7:45  Barracks  
  60  7:49  SCV  
  61  7:53  SCV  
  61  7:54  Supply Depot  
  61  7:55  SCV  
  61  7:56  Supply Depot  
  63  8:01  SCV  
  63  8:03  Marine  
  63  8:05  SCV  
  66  8:07  SCV  
  67  8:13  SCV  
  67  8:18  SCV  
  67  8:19  SCV  
  70  8:21  Factory Tech Lab, Marine  
  70  8:22  Barracks  
  70  8:23  Engineering Bay, Marine  
  70  8:24  Marine  
  70  8:25  Barracks  
  70  8:26  SCV, Engineering Bay  
  77  8:30  SCV  
  78  8:37  Barracks Reactor  
Show
View Real Time Build Order
Export as new Build Order

Justin Zerg 

Build Orders: Hatch First, Zergling Baneling 

Get SALT Encoding   

  12  0:01  Drone  
  13  0:13  Overlord  
  13  0:20  Drone  
  14  0:32  Drone x2  
  16  0:35  Drone  
  17  0:53  Hatchery  
  17  0:56  Drone  
  17  1:09  Spawning Pool  
  16  1:13  Drone  
  16  1:15  Drone  
  16  1:18  Extractor  
  17  1:28  Drone  
  18  1:41  Drone, Overlord  
  19  1:56  Queen  
  19  1:58  Zergling x2  
  22  2:02  Zergling x2  
  22  2:06  Drone  
  22  2:08  Queen  
  26  2:17  Metabolic Boost  
  26  2:22  Drone x2  
  28  2:32  Zergling x2  
  28  2:42  Queen  
  28  2:43  Overlord  
  30  2:45  Drone x3  
  33  3:00  Overlord  
  33  3:04  Baneling Nest  
  32  3:08  Overlord  
  32  3:09  Zergling x6  
  32  3:10  Zergling x2  
  36  3:22  Zergling x2  
  36  3:23  Zergling x8  
  41  3:43  Overlord  
  41  3:44  Zergling x12  
  47  3:58  Zergling x8  
  51  4:08  Zergling x2  
  51  4:09  Zergling x8  
  51  4:25  Zergling x2  
  51  4:26  Zergling x8  
  51  4:39  Baneling x8  
  51  4:40  Zergling x2  
  51  4:41  Zergling x10  
  57  4:48  Zergling x2  
  53  5:03  Zergling x6  
  50  5:15  Zergling x2  
  50  5:16  Zergling x14  
  50  5:21  Queen  
  51  5:34  Zergling x6  
  52  5:41  Zergling x2  
  50  5:44  Overlord  
  42  5:59  Zergling x12  
  42  6:00  Zergling x2  
  43  6:12  Zergling x2  
  43  6:13  Zergling x2  
  43  6:31  Lair  
  42  6:34  Hatchery, Drone  
  42  6:35  Drone x3  
  45  6:40  Baneling  
  45  6:41  Baneling x8  
  45  6:50  Spore Crawler x2  
  45  6:51  Queen  
  45  6:57  Zergling x10  
  35  7:33  Drone x4  
  35  7:34  Drone x3  
  38  7:38  Queen  
  37  8:01  Drone x5  
Tags
 
Add a new tag
Caveats
  • Supply blocks, unpowered buildings, or Contaminate may cause inaccurate times.
  • Supply counts are checked every 10 seconds.